 Dungeon Crawl Stone Soup version 0.18.1-47-g9310371 (webtiles) character file.

65310 KrisztiCat the Thaumaturge (level 15, -4/89 HPs)
             Began as a Gargoyle Earth Elementalist on June 18, 2016.
             Was the Champion of Vehumet.
             Slain by Saint Roka
             ... wielding a +3 great sword of slicing
              (31 damage)
             ... on level 2 of the Orcish Mines.
             The game lasted 03:56:52 (21414 turns).

KrisztiCat the Thaumaturge (GrEE)                  Turns: 21414, Time: 03:56:53

Health: -4/89      AC: 27    Str: 13    XL:     15   Next: 16%
Magic:  1/31       EV: 19    Int: 21    God:    Vehumet [******]
Gold:   2264       SH:  0    Dex: 10    Spells: 7 memorised, 8 levels left

rFire  + . .     SeeInvis .     i - +2 whip (elec)
rCold  + + +     Gourm    .     V - +2 robe {rC+}
rNeg   + . .     Faith    .     (no shield)
rPois  ∞         Spirit   .     (no helmet)
rElec  +         Dismiss  .     f - +2 cloak {rC+}
rCorr  +         Reflect  .     d - +0 pair of gloves
SustAt .         Harm     .     h - +2 pair of boots
MR     +....                    J - amulet of regeneration
Stlth  ++........               O - +4 ring of protection
                                o - +5 ring of evasion

@: resistant, somewhat resistant to hostile enchantments, unstealthy
A: big wings, negative energy resistance 1, electricity resistance, unbreathing,
petrification resistance, rot immunity, AC +11
a: Fly, Renounce Religion


You were on level 2 of the Orcish Mines.
You worshipped Vehumet.
Vehumet was exalted by your worship.
You were hungry.

You visited 4 branches of the dungeon, and saw 23 of its levels.
You also visited: Ice Cave.

You collected 2264 gold pieces.

Inventory:

Hand Weapons
 i - a +2 whip of electrocution (weapon)
Missiles
 b - 437 stones (quivered)
Armour
 a - a +3 leather armour
 d - a +0 pair of gloves (worn)
 f - a +2 cloak of cold resistance (worn)
 g - a +2 robe of cold resistance
 h - a +2 pair of boots (worn)
 w - a +0 shield
 V - a +2 robe of cold resistance (worn)
Jewellery
 o - a +5 ring of evasion (left hand)
 z - an uncursed ring of fire
 J - an amulet of regeneration (around neck)
 K - an uncursed ring of protection from magic
 O - a +4 ring of protection (right hand)
 U - an uncursed ring of ice
 W - an uncursed ring of sustain attributes
Wands
 C - a wand of lightning (8/15)
 Y - a wand of acid (4/15)
Scrolls
 r - a scroll of recharging
 t - 5 scrolls of teleportation
 B - 2 scrolls of fear
 E - 6 scrolls of identify
 F - a scroll of immolation
 N - 7 scrolls of fog
 Q - 4 scrolls of magic mapping
 S - a scroll of remove curse
 Z - a scroll of blinking
Potions
 e - 2 potions of invisibility
 k - 7 potions of agility
 m - a potion of magic
 n - 4 potions of curing
 p - 4 potions of flight
 u - 2 potions of cure mutation
 D - a potion of brilliance
Books
 c - a book of Geomancy

   Spells                             Type                      Level
   a - Sandblast                      Earth                        1
   b - Passwall                       Transmutation/Earth          2
   c - Stone Arrow                    Conjuration/Earth            3
   d - Petrify                        Transmutation/Earth          4
   e - Lee's Rapid Deconstruction     Earth                        5
Comestibles
 G - 49 fruits


   Skills:
 + Level 8.9 Fighting
 + Level 8.5 Maces & Flails
 - Level 6.5 Armour
 - Level 6.6 Dodging
 - Level 2.1 Stealth
 + Level 6.1 Shields
 * Level 12.6 Spellcasting
 + Level 9.1 Conjurations
 + Level 2.2 Charms
   Level 0.7 Transmutations
 + Level 4.4 Fire Magic
 + Level 11.6 Earth Magic
 + Level 8.0 Evocations


You had 8 spell levels left.
You knew the following spells:

 Your Spells              Type           Power        Failure   Level  Hunger
a - Sandblast             Erth           ######       1%          1    None
b - Stone Arrow           Conj/Erth      ######       1%          3    None
c - Lee's Rapid Deconstr  Erth           ######....   1%          5    ####...
d - Bolt of Magma         Conj/Fire/Erth #####.....   1%          5    ####...
e - Bolt of Fire          Conj/Fire      #####.....   19%         6    #####..
f - Ring of Flames        Chrm/Fire      ####......   100%        7    #######
g - Sticky Flame          Conj/Fire      #####...     1%          4    None


Dungeon Overview and Level Annotations

Branches:
Dungeon (12/15)            Temple (1/1) D:7            Lair (8/8) D:10
  Swamp (0/4) Lair:6       Spider (0/4) Lair:6        Slime (0/6) Lair:7
    Orc (2/2) D:9
    Elf: Orc:2

Altars:
Ashenzari
Cheibriados
Dithmenos
Elyvilon
Fedhas
Gozag
Kikubaaqudgha
Makhleb
Nemelex Xobeh
Okawaru
Pakellas
Qazlal
Ru
Sif Muna
Trog
Vehumet
Xom
Yredelemnul
Zin
The Shining One
Beogh

Shops:
D:8 %   D:9 %   Orc:2 }

Portals:
Trove: D:10 (give 3 potions of cure mutation)

Annotations:
Orc:2 Saint Roka


Innate Abilities, Weirdness & Mutations

You are resistant to torment.
Your stone body is resilient (AC +11).
You are immune to poison.
Your large and strong wings let you fly indefinitely.
You resist negative energy.
You are resistant to electric shocks.
You can survive without breathing.
You are immune to petrification.
You are immune to rotting.


Message History

You hear a shout!
Saint Roka burns!
Saint Roka stops burning.
Saint Roka hits you with a great sword of slicing!
Casting: Sticky Flame
Confirm with . or Enter, or press ? or * to list all spells.
Aiming: Sticky Flame
Press: ? - help, Shift-Dir - straight line, f/p - Saint Roka
Aim: Saint Roka, wielding a great sword of slicing and wearing a runed chain mail (heavily wounded, covered in acid)
The sticky flame hits Saint Roka.
Saint Roka is heavily wounded.
Saint Roka is covered in liquid flames!
Saint Roka burns!
Drink which item? (? for menu, Esc to quit)
You feel protected.
Saint Roka burns!
Saint Roka hits you with a great sword of slicing!
You hit Saint Roka.
Saint Roka is severely wounded.
Saint Roka burns!
Saint Roka hits you with a great sword of slicing!!
You die...

......_.............##
.................#.##
..........o...8.# ## #
#.....)...##### ### ........ ##.#
#.....# #... #### #....o# #..
...# #8...8### ... ...#
#...(.#@## ### # ...##
#..#..(.[#o(####.##### # .....
........))[)..#...#..## ## .....
..........[..##..#....# #. ...#.
.....................###### .....
....................).#.###
................)................
....................(......[.....
.............................#..#


You could see Saint Roka (burning).

Vanquished Creatures
  Nessos (Lair:6)
  Harold (D:10)
  3 hydras
  A death yak (Lair:8)
  An orc high priest (Orc:2)
  Urug (D:11)
  Nergalle (Orc:2)
  A hill giant (D:10)
  An unseen horror (D:10)
  Pikel (D:8)
  2 orc knights (Orc:2)
  2 necromancers
  4 lindwurms (Lair:5)
  An orb spider (Lair:6)
  An orc sorcerer (Orc:2)
  A griffon (Lair:5)
  A cyclops (Orc:1)
  16 elephants
  4 black mambas
  An ice statue (IceCv)
  24 spiny frogs
  5 rime drakes
  8 komodo dragons
  10 freezing wraiths (IceCv)
  7 trolls
  A giant leech (Lair:8)
  4 polar bears
  Prince Ribbit (D:6)
  Grinder (D:3)
  A boulder beetle (Lair:8)
  29 blink frogs
  Sigmund (D:4)
  A wraith (D:11)
  18 yaks
  2 wyverns
  9 hippogriffs
  A basilisk (Lair:2)
  9 vampire mosquitoes (Lair:8)
  A warg (Orc:1)
  21 water moccasins
  22 orc warriors
  8 porcupines
  11 ice beasts
  A sky beast (D:7)
  An elephant zombie (Lair:7)
  A necrophage (D:10)
  2 phantoms
  A black bear (D:8)
  8 ogres
  4 wolves
  5 centaurs
  19 crocodiles
  2 big kobolds
  32 giant frogs
  A wyvern zombie (D:8)
  3 scorpions
  A swamp dragon simulacrum (IceCv)
  2 elephant simulacra (IceCv)
  12 killer bees
  7 electric eels
  4 howler monkeys
  3 draconian simulacra (IceCv)
  3 crimson imps
  3 giant frog zombies
  A wasp zombie (D:9)
  A quasit (D:8)
  6 hounds
  10 jellies
  16 orc priests
  A basilisk zombie (Lair:7)
  A centaur zombie (D:5)
  18 orc wizards
  A centaur skeleton (D:8)
  3 giant frog skeletons
  Terence (D:2)
  7 iguanas
  7 troll simulacra (IceCv)
  2 worker ants (D:4)
  12 hell rats
  A wolf simulacrum (IceCv)
  39 sheep
  A centaur simulacrum (IceCv)
  A crocodile zombie (Lair:7)
  A hound zombie (D:6)
  2 hound skeletons
  2 worker ant zombies
  8 gnolls
  13 adders
  5 naga simulacra (IceCv)
  4 ogre simulacra (IceCv)
  59 river rats
  2 shadow imps (D:10)
  24 white imps
  5 oozes
  An adder skeleton (D:5)
  2 worms
  2 dart slugs
  5 giant geckos
  84 orcs
  6 bats
  7 giant cockroaches
  3 goblins
  5 hobgoblins
  6 jackals
  7 quokkas
  2 ball pythons
  A giant gecko skeleton (D:7)
  2 giant gecko zombies
  3 giant newts
  15 kobolds
  2 rats (D:2)
762 creatures vanquished.

Vanquished Creatures (others)
  Fannar (D:11)
  A hydra (Lair:8)
  4 slaves (D:8)
  A black bear (D:8)
  An ogre (D:8)
  A centaur (D:8)
  3 killer bees (D:8)
  A hound (D:8)
  An orc wizard (D:8)
  A worker ant (D:8)
  A sheep (Lair:3)
  A gnoll (D:8)
  An adder (D:8)
  A giant cockroach (D:8)
  14 fungi
  26 plants
59 creatures vanquished.

Grand Total: 821 creatures vanquished

Notes
Turn   | Place    | Note
--------------------------------------------------------------
     0 | D:1      | KrisztiCat the Gargoyle Earth Elementalist began the quest for the Orb.
     0 | D:1      | Reached XP level 1. HP: 10/10 MP: 3/3
   623 | D:1      | Reached XP level 2. HP: 4/15 MP: 0/5
  1228 | D:1      | Reached skill level 3 in Spellcasting
  1269 | D:2      | Reached XP level 3. HP: 17/19 MP: 0/7
  1517 | D:2      | Noticed Terence
  1520 | D:2      | Reached XP level 4. HP: 24/24 MP: 0/9
  1538 | D:2      | Killed Terence
  1764 | D:3      | Found a burning altar of Makhleb.
  1849 | D:3      | Noticed Grinder
  1862 | D:3      | Killed Grinder
  1862 | D:3      | Reached skill level 5 in Spellcasting
  1862 | D:3      | Reached skill level 5 in Earth Magic
  1862 | D:3      | Reached XP level 5. HP: 27/28 MP: 0/12
  1862 | D:3      | Reached XP level 6. HP: 31/32 MP: 0/13
  1901 | D:3      | Noticed a phantom
  1958 | D:3      | Killed a phantom
  2444 | D:3      | Reached XP level 7. HP: 35/36 MP: 8/15
  2462 | D:3      | Learned a level 3 spell: Stone Arrow
  2614 | D:5      | Entered Level 5 of the Dungeon
  2849 | D:4      | Reached skill level 1 in Maces & Flails
  2940 | D:4      | Reached skill level 1 in Evocations
  3045 | D:4      | Reached skill level 1 in Conjurations
  3049 | D:4      | Reached skill level 6 in Spellcasting
  3145 | D:4      | Learned a level 5 spell: Lee's Rapid Deconstruction
  3150 | D:4      | Reached skill level 1 in Armour
  3358 | D:4      | Reached XP level 8. HP: 37/42 MP: 14/17
  3497 | D:4      | Found an oddly glowing altar of Pakellas.
  3498 | D:4      | Noticed Sigmund
  3506 | D:4      | Killed Sigmund
  3506 | D:4      | Reached skill level 1 in Fighting
  3530 | D:4      | Found a snail-covered altar of Cheibriados.
  4417 | D:5      | Reached XP level 9. HP: 30/48 MP: 6/19
  4533 | D:6      | Noticed Prince Ribbit
  4546 | D:6      | Killed Prince Ribbit
  4685 | D:6      | Reached skill level 7 in Spellcasting
  5644 | D:7      | Found a staircase to the Ecumenical Temple.
  5653 | Temple   | Entered the Ecumenical Temple
  5878 | Temple   | Became a worshipper of Vehumet
  5985 | D:8      | Found Joag's Food Shoppe.
  5985 | D:8      | Found a shimmering altar of Xom.
  5985 | D:8      | Noticed a troll
  5993 | D:7      | Killed a troll
  6131 | D:7      | Reached XP level 10. HP: 56/56 MP: 2/21
  6251 | D:8      | Found a blossoming altar of Fedhas.
  6251 | D:8      | Found an iron altar of Okawaru.
  6499 | D:8      | Noticed Pikel
  6532 | D:8      | Killed Pikel
  6532 | D:8      | Reached skill level 8 in Spellcasting
  6656 | D:8      | Found a bloodstained altar of Trog.
  6911 | D:8      | Found a blossoming altar of Fedhas.
  7034 | D:10     | Entered Level 10 of the Dungeon
  7080 | D:9      | Reached * piety under Vehumet
  7080 | D:9      | Offered knowledge of Flame Tongue by Vehumet.
  7207 | D:9      | Found Giulikhleq's Food Shoppe.
  7491 | D:9      | Reached ** piety under Vehumet
  7681 | D:9      | Found a staircase to the Orcish Mines.
  8022 | D:10     | Offered knowledge of Throw Frost by Vehumet.
  8022 | D:10     | Reached skill level 5 in Fighting
  8042 | D:10     | Noticed Harold
  8060 | D:10     | Killed Harold
  8091 | D:10     | Reached XP level 11. HP: 60/64 MP: 2/23
  8258 | D:10     | Found a staircase to the Lair.
  8277 | D:10     | Noticed a hill giant
  8284 | D:10     | Killed a hill giant
  8284 | D:10     | Reached skill level 5 in Armour
  8284 | D:10     | Reached skill level 9 in Spellcasting
  8284 | D:10     | Reached skill level 5 in Conjurations
  8407 | D:10     | Killed an unseen horror
  8407 | D:10     | Reached skill level 5 in Maces & Flails
  8677 | D:10     | Found a portal to a secret trove of treasure.
  9049 | D:11     | Noticed Fannar
  9130 | D:11     | Killed Fannar
  9130 | D:11     | Reached skill level 5 in Dodging
  9303 | D:11     | Offered knowledge of Ignite Poison by Vehumet.
  9621 | D:11     | Noticed Urug
  9630 | D:11     | Killed Urug
  9740 | Lair:1   | Entered Level 1 of the Lair of Beasts
  9854 | Lair:2   | Reached *** piety under Vehumet
 10572 | Lair:2   | Reached XP level 12. HP: 55/70 MP: 4/25
 10585 | Lair:2   | Offered knowledge of Mephitic Cloud by Vehumet.
 10714 | Lair:3   | Reached **** piety under Vehumet
 10724 | Lair:3   | Found a frozen archway.
 10733 | IceCv    | Entered an ice cave
 10734 | IceCv    | Reached skill level 10 in Spellcasting
 10748 | IceCv    | Offered knowledge of Iskenderun's Battlesphere by Vehumet.
 10781 | IceCv    | Reached skill level 5 in Evocations
 11140 | IceCv    | Found an ancient bone altar of Kikubaaqudgha.
 11463 | IceCv    | Reached ***** piety under Vehumet
 11549 | IceCv    | Offered knowledge of Orb of Destruction by Vehumet.
 12174 | Lair:2   | Noticed a four-headed hydra
 12181 | Lair:2   | Killed a four-headed hydra
 12181 | Lair:2   | Reached skill level 1 in Shields
 12539 | Lair:3   | Reached skill level 10 in Earth Magic
 12998 | Lair:4   | Noticed a six-headed hydra
 13007 | Lair:4   | Killed a six-headed hydra
 13007 | Lair:4   | Reached XP level 13. HP: 40/76 MP: 23/27
 13143 | Lair:4   | Reached skill level 11 in Spellcasting
 13833 | Lair:5   | Offered knowledge of Bolt of Magma by Vehumet.
 13845 | Lair:4   | Learned a level 5 spell: Bolt of Magma
 14786 | Lair:5   | Identified Muxakkyl's Disquisition on Augmentations
 14790 | Lair:5   | Identified Sif Muna's Reference Book on Scorching Calling
 15040 | Lair:5   | Reached skill level 1 in Fire Magic
 15307 | Lair:5   | Gained mutation: Your large and strong wings let you fly indefinitely. [Gargoyle growth]
 15307 | Lair:5   | Reached XP level 14. HP: 80/83 MP: 7/29
 15370 | Lair:6   | Found a staircase to the Swamp.
 15720 | Lair:6   | Noticed Nessos
 15730 | Lair:6   | Killed Nessos
 15934 | Lair:6   | Reached skill level 12 in Spellcasting
 15935 | Lair:6   | Found a hole to the Spider Nest.
 15942 | Lair:6   | Offered knowledge of Venom Bolt by Vehumet.
 16505 | Lair:8   | Entered Level 8 of the Lair of Beasts
 16789 | Lair:7   | Found a staircase to the Slime Pits.
 17070 | Lair:2   | Learned a level 6 spell: Bolt of Fire
 17084 | Lair:2   | Learned a level 7 spell: Ring of Flames
 17089 | Lair:2   | Learned a level 4 spell: Sticky Flame
 17256 | Lair:7   | Reached skill level 5 in Shields
 18296 | Lair:8   | Reached skill level 1 in Charms
 19383 | Orc:1    | Entered Level 1 of the Orcish Mines
 19446 | Orc:2    | Entered Level 2 of the Orcish Mines
 19558 | Orc:1    | Reached ****** piety under Vehumet
 19670 | Orc:1    | Offered knowledge of Spellforged Servitor by Vehumet.
 20001 | Orc:2    | Found Files's Gadget Boutique.
 20073 | Orc:1    | Reached XP level 15. HP: 89/89 MP: 14/31
 20119 | Orc:2    | Found a burning altar of Makhleb.
 20158 | Orc:2    | Noticed Saint Roka
 21122 | Orc:2    | Noticed Nergalle
 21195 | Orc:2    | Killed Nergalle
 21382 | Orc:2    | Found a roughly hewn altar of Beogh.
 21414 | Orc:2    | Slain by Saint Roka

Skill      XL: |  1  2  3  4  5  6  7  8  9 10 11 12 13 14 15 |
---------------+----------------------------------------------+-----
Spellcasting   | 3 5 6 7 8 9 10 11 12 | 12.6
Earth Magic    | 4 5 6 7 8 9 10 11 | 11.6
Maces & Flails | 1 2 3 4 5 6 7 8 |  8.5
Dodging        | 2 3 4 5 6 |  6.6
Evocations     | 1 2 3 4 5 7 8 |  8.0
Conjurations   | 1 2 3 4 5 7 8 9 |  9.1
Armour         | 1 2 4 6 |  6.5
Fighting       | 2 3 5 6 7 8 |  8.9
Shields        | 2 4 5 6 |  6.1
Fire Magic     | 1 4 |  4.4
Charms         | 1 2 |  2.2
Stealth        | |  2.1
Transmutations | |  0.7

Action                   |  1- 3 |  4- 6 |  7- 9 | 10-12 | 13-15 || total
-------------------------+-------+-------+-------+-------+-------++-------
Melee: Dagger            |    13 |       |       |       |       ||    13
       Whip              |       |    33 |   103 |   590 |   736 ||  1462
 Cast: Sandblast         |    46 |    61 |   186 |    38 |   146 ||   477
       Stone Arrow       |       |       |    51 |   266 |   450 ||   767
       Lee's Rapid Decon |       |       |       |    21 |    15 ||    36
       Bolt of Magma     |       |       |       |       |    31 ||    31
       Sticky Flame      |       |       |       |       |     6 ||     6
Evoke: Wand              |       |       |       |     3 |    21 ||    24
  Use: Scroll            |       |       |    20 |    12 |    12 ||    44
       Potion            |       |       |       |     8 |    13 ||    21
 Stab: Sleeping          |       |       |       |     2 |       ||     2
  Eat: Chunk             |     2 |     3 |    11 |    18 |    24 ||    58
       Pizza             |       |       |     1 |     2 |     1 ||     4
       Fruit             |       |       |       |     8 |     3 ||    11
       Bread ration      |       |       |       |     1 |       ||     1
       Beef jerky        |       |       |       |       |     1 ||     1
Armor: Robe              |    18 |    19 |    67 |   331 |   508 ||   943
Dodge: Dodged            |    50 |    59 |   217 |   770 |  1173 ||  2269
